 Dungeon Crawl Stone Soup version 0.25-a0-322-g3677130cb1 (webtiles) character file.

Game seed: 5585577431274930651, levelgen mode: deterministic

206 floatRand the Sneak (level 5, -6/42 HPs)
             Began as a Draconian Assassin on Dec 27, 2019.
             Killed from afar by bmj180's ghost (7 damage)
             ... with a magic dart
             ... on level 3 of the Dungeon.
             The game lasted 00:04:34 (3115 turns).

floatRand the Sneak (Draconian Assassin)            Turns: 3115, Time: 00:04:35

Health: -6/42      AC:  6    Str: 18    XL:     5   Next: 53%
Magic:  14/14      EV: 12    Int: 12    God:
Gold:   196        SH:  0    Dex: 13    Spells: 4/4 levels left

rFire    . . .     SeeInvis .   i - +6 dagger (venom)
rCold    . . .     Gourm    .   (no shield)
rNeg     . . .     Faith    .   (armour unavailable)
rPois    .         Spirit   .   (helmet restricted)
rElec    .         Reflect  .   b - +0 cloak
rCorr    .         Harm     .   (no gloves)
MR       .....                  (no boots)
Stlth    +++.......             (no amulet)
HPRegen  0.14/turn              n - ring of magical power
MPRegen  0.14/turn              (no ring)

@: mighty, flying, very slightly contaminated, lightly drained
A: unfitting armour, cold-blooded, AC +5
a: no special abilities


You were on level 3 of the Dungeon.
You were hungry.

You visited 1 branch of the dungeon, and saw 3 of its levels.

You collected 196 gold pieces.

Inventory:

Hand Weapons
 a - a +2 dagger
 g - a +2 dagger of distortion
 i - a +6 dagger of venom (weapon)
 m - a +5 dagger of draining
Missiles
 c - 7 poisoned darts (quivered)
 d - 2 curare-tipped darts
 o - 6 atropa-tipped darts
 p - 8 javelins
Armour
 b - a +0 cloak (worn)
Jewellery
 n - a ring of magical power (left hand)
Wands
 u - a wand of polymorph (10)
Scrolls
 e - a scroll of teleportation
 k - a scroll of identify
 l - a scroll of magic mapping
 s - a scroll of enchant armour {unknown}
 t - a scroll of blinking {unknown}
Potions
 j - a potion of heal wounds {unknown}
 q - a potion of ambrosia
 r - a potion of might
Comestibles
 f - 9 rations


   Skills:
 + Level 2.5(2.3) Fighting
 + Level 3.2(3.0) Short Blades
 - Level 1.7(1.5) Throwing
 + Level 2.4(2.2) Dodging
 * Level 5.2(5.0) Stealth


You had 4 spell levels left.
You didn't know any spells.
Your spell library was empty.

Dungeon Overview and Level Annotations

Branches:
Dungeon (3/15)

Altars:
Hepliaklqana
Yredelemnul

Annotations:
D:3 bmj180's ghost, amateur SpCj


Innate Abilities, Weirdness & Mutations

Your plain brown scales are hard. (AC +5)
You cannot fit into any form of body armour.
You are cold-blooded and may be slowed by cold attacks.


Message History

Things that are here:
a +0 dagger of distortion; a kobold corpse It was a potion of might.
You feel very mighty all of a sudden.
Unknown command.
Okay, then.
It was a potion of flight.
You feel very buoyant.
You fly up into the air.
You barely miss bmj180's ghost.
Your tail-slap misses bmj180's ghost.
Bmj180's ghost is lightly damaged.
Bmj180's ghost points at you and mumbles some strange words.
The magic dart hits you.
* * * LOW HITPOINT WARNING * * *
You miss bmj180's ghost.
Bmj180's ghost is lightly damaged.
You flicker back into view.
Bmj180's ghost casts a spell at you. The magic dart hits you!
You die...

# #......#............##.#.##.#.#
# #.................#.>##.#.##.##
#######.......#.....##..##.#.###.
.##≈⌠≈##...##.#.....##...##.#.#)#
##.....#...##W##.W.....#..##.#.#.
#..###.'...##.####K.....#..##.#.#
#K.....'.K.##.# #......##..##.##
#(.###.'...##.####........#..###.
##.....#(.....)W@'........##..#..
.##≈⌠≈##......####...............
..#####.......# #.........#.####
...........#### #...###...#.#<.#
...........# #...# #...#.#...
#..........# #...# ##+##.#..#
#..........# #...# #.##.####
#..........# #...# #.......#
#..........# #...# ####.##.#


You could see bmj180's ghost.

Vanquished Creatures
  An orc wizard (D:3)
  8 adders
  An ooze (D:1)
  An adder zombie (D:2)
  4 worms
  A dart slug (D:2)
  A leopard gecko (D:1)
  8 orcs (D:3)
  4 giant cockroaches
  5 goblins
  11 hobgoblins
  A quokka (D:3)
  2 ball pythons (D:3)
  8 bats
  5 frilled lizards
  13 kobolds
  3 rats
77 creatures vanquished.

Vanquished Creatures (others)
  4 fungi (D:3)
4 creatures vanquished.

Grand Total: 81 creatures vanquished

Notes
Turn   | Place    | Note
-------+----------+-------------------------------------------
     0 | D:1      | floatRand the Draconian Assassin began the quest for the
                  | Orb.
     0 | D:1      | Reached XP level 1. HP: 17/17 MP: 1/1
    19 | D:1      | Reached skill level 1 in Dodging
   492 | D:1      | Reached XP level 2. HP: 20/24 MP: 2/2
   653 | D:1      | Reached skill level 4 in Stealth
  1352 | D:2      | Reached XP level 3. HP: 29/29 MP: 3/3
  1661 | D:2      | Found a hazy altar of Hepliaklqana.
  2010 | D:2      | Found a basalt altar of Yredelemnul.
  2081 | D:3      | Reached XP level 4. HP: 32/36 MP: 4/4
  2148 | D:3      | Found a runed translucent gate.
  2148 | D:3      | Found a runed translucent gate.
  2148 | D:3      | Found a runed translucent gate.
  2150 | D:3      | Noticed bmj180's ghost (amateur SpCj)
  2305 | D:3      | Reached skill level 5 in Stealth
  2512 | D:3      | Reached XP level 5. HP: 41/41 MP: 5/5
  3114 | D:3      | HP: 1/42 [bmj180's ghost/magic dart (4)]
  3115 | D:3      | Killed from afar by bmj180's ghost

Levels and vault maps discovered:
D:1:      nzn_arrival_water_spiral, layout_basic
D:2:      layout_loops_ring, lemuel_coloured_pillars_altar, lemuel_crystal_altar
D:3:      minmay_inner_zag, layout_basic, gammafunk_ghost_nasty_kobolds,
          first_ration

Skill      XL: |  1  2  3  4 |
---------------+-------------+-----
Dodging        | 1 2 |  2.4
Stealth        | 4 5 |  5.2
Short Blades   | 3 |  3.2
Fighting       | |  2.5
Throwing       | |  1.7

Action                   |  1- 3 |  4- 6 || total
-------------------------+-------+-------++-------
Melee: Dagger            |   130 |    76 ||   206
       Tailslap          |    10 |     7 ||    17
Throw: Dart              |       |     1 ||     1
  Use: Scroll            |     7 |       ||     7
       Potion            |       |     4 ||     4
 Stab: Sleeping          |     7 |     5 ||    12
       Distracted        |       |     1 ||     1
  Eat: Chunk             |     4 |     2 ||     6
Armor: Skin              |    40 |    33 ||    73
Dodge: Dodged            |    60 |    46 ||   106

Table legend:
 A = Non-vault XP
 B = Vault XP
 C = Vault XP percentage of total XP
 D = Non-vault monster count
 E = Vault monster count
 F = Vault count percentage of total count
                 A         B        C        D         E       F
            +---------+---------+-------+---------+---------+-------
      Total |     249 |      46 |  15.6 |      66 |      11 |  14.3
            +---------+---------+-------+---------+---------+-------
        D:1 |      31 |       0 |   0.0 |      17 |       0 |   0.0
        D:2 |      65 |       0 |   0.0 |      23 |       0 |   0.0
        D:3 |     153 |      46 |  23.1 |      26 |      11 |  29.7
            +---------+---------+-------+---------+---------+-------
